 Dungeon Crawl Stone Soup version 0.31-a0-875-g02e7d12df6 (webtiles) character file.

Game seed: 17836968962883667587

44 RePankoism the Chiller (level 3, -2/26 HPs)
             Began as a Demonspawn Ice Elementalist on Oct 13, 2023.
             Slain by Jessica
             ... wielding a +1 dagger of venom
              (5 damage)
             ... on level 2 of the Dungeon.
             The game lasted 00:08:23 (1117 turns).

RePankoism the Chiller (DsIE)                       Turns: 1117, Time: 00:08:23

Health: -2/26      AC:  3    Str:  8    XL:     3   Next: 41%
Magic:  0/6        EV: 12    Int: 18    God:
Gold:   43         SH:  0    Dex: 13    Spells: 0/7 levels left

rFire   . . .        c - +0 dagger
rCold   + . .        (no shield)
rNeg    . . .        a - +0 robe
rPois   .            (no helmet)
rElec   .            (no cloak)
rCorr   .            (no gloves)
SInv    .            (no boots)
Will    .....        (no amulet)
Stlth   ++           (no ring)
HPRegen 0.24/turn    (no ring)
MPRegen 0.10/turn

%: clarity
@: mighty, lethally poisoned (-2 -> -9), freezing walls, very slightly
contaminated
A: rugged brown scales 1, powered by death 1, clarity, cold resistance 1,
deterioration 1
a: no special abilities


You were on level 2 of the Dungeon.
You visited 1 branch of the dungeon, and saw 2 of its levels.

You collected 43 gold pieces.

Inventory:

Hand Weapons
 c - a +0 dagger (weapon)
 j - a +1 short sword of holy wrath
Armour
 a - a +0 robe (worn)
Jewellery
 h - a ring of protection from fire
Scrolls
 d - 2 scrolls of identify {unknown}
 f - a scroll of blinking {unknown}
Potions
 b - a potion of magic
 i - a potion of ambrosia {unknown}


   Skills:
 + Level 1.6 Fighting
 + Level 0.1 Short Blades
 + Level 1.8 Dodging
 - Level 1.7 Stealth
 + Level 2.5 Spellcasting
 + Level 4.0 Ice Magic


You couldn't memorise any spells.
You knew the following spells:

 Your Spells              Type           Power      Damage    Failure   Level
a - Freeze                Ice            64%        1d7       3%          1
b - Frozen Ramparts       Ice            32%        1d5       10%         3
c - Ozocubu's Armour      Ice            16%        N/A       10%         3

Your spell library contained the following spells:

 Spells                   Type           Power      Damage    Failure   Level
 Blink                    Tloc           4%         N/A       26%         2
 Lesser Beckoning         Tloc           4%         N/A       26%         2
 Momentum Strike          Conj/Tloc      4%         3d8       26%         2
 Summon Ice Beast         Ice/Summ       9%         N/A       58%         4


Dungeon Overview and Level Annotations

Branches:
Dungeon (2/15)

Altars:

Annotations:
D:2 Jessica


Innate Abilities, Weirdness & Mutations

You are partially covered in rugged brown scales. (AC +1, +3% HP)
You regenerate a little health from kills.
You possess an exceptional clarity of mind.
Your flesh is cold resistant. (rC+)
Your body sometimes deteriorates upon taking damage.


Message History

You climb downwards.
Level annotation: Jessica
There is a stone staircase leading up here.
Jessica gestures at you while chanting. Pain shoots through your body!
Found 9 gold pieces.
A worm comes into view.
Jessica mumbles some strange words.
Jessica seems to speed up.
Casting: Frozen Ramparts (quite dangerous; 10% risk of failure)
Confirm with . or Enter, or press ? or * to list all spells.
Casting: Frozen Ramparts (quite dangerous; 10% risk of failure)
Press: ? - help, Dir - look around, f - activate You miscast Frozen Ramparts.
You are very lightly contaminated with residual magic.
Nothing appears to happen.
Jessica hits you with a +1 dagger of venom.
Casting: Frozen Ramparts (quite dangerous; 10% risk of failure)
Confirm with . or Enter, or press ? or * to list all spells.
Casting: Frozen Ramparts (quite dangerous; 10% risk of failure)
Press: ? - help, Dir - look around, f - activate The walls around you are covered in ice.
The wall freezes Jessica.
Jessica gestures at you while chanting. Pain shoots through your body!
The wall freezes Jessica.
Jessica hits you with a +1 dagger of venom.
It was a potion of mutation.
You feel extremely strange.
You feel yourself wasting away.
Your thoughts seem clearer.
You feel resistant to cold.
The wall freezes Jessica.
Jessica hits you with a +1 dagger of venom.
* * * LOW HITPOINT WARNING * * *
You are lethally poisoned!
It was a potion of might.
You feel very mighty all of a sudden.
* * * LOW HITPOINT WARNING * * *
You feel very sick.
The wall freezes Jessica.
Jessica hits you with a +1 dagger of venom.
You die...

. #. .##. ... #w.
###.. #....
#.#.#..##
#.......#
.....##@# #.. #@#
# #.## #####..#
###
.#..#......#.....
.......<.........
..[..............
#................
#................


You could see a worm and Jessica (fast).

Vanquished Creatures
  3 dart slugs (D:1)
  3 ball pythons (D:1)
  3 bats (D:1)
  4 endoplasms (D:1)
  2 giant cockroaches (D:1)
  4 goblins (D:1)
  A hobgoblin (D:1)
  3 jackals (D:1)
  4 frilled lizards (D:1)
  5 kobolds (D:1)
  4 rats (D:1)
36 creatures vanquished.

Notes
Turn   | Place    | Note
-------+----------+-------------------------------------------
     0 | D:1      | RePankoism the Demonspawn Ice Elementalist began the quest
                  | for the Orb.
     0 | D:1      | Reached XP level 1. HP: 13/13 MP: 3/3
   157 | D:1      | Gained mutation: You are partially covered in rugged brown
                  | scales. (AC +1, +3% HP) [demonic ancestry]
   157 | D:1      | Reached XP level 2. HP: 12/20 MP: 5/5
   187 | D:1      | Reached skill level 1 in Fighting
   669 | D:1      | Gained mutation: You regenerate a little health from kills.
                  | [demonic ancestry]
   669 | D:1      | Reached XP level 3. HP: 26/26 MP: 6/6
   898 | D:1      | Reached skill level 4 in Ice Magic
   904 | D:1      | Learned a level 3 spell: Frozen Ramparts
   908 | D:1      | Learned a level 3 spell: Ozocubu's Armour
  1056 | D:2      | Noticed Jessica
  1056 | D:2      | Found a faded altar of an unknown god.
  1116 | D:2      | Gained mutation: Your body sometimes deteriorates upon
                  | taking damage. [potion of mutation]
  1116 | D:2      | Gained mutation: You possess an exceptional clarity of
                  | mind. [potion of mutation]
  1116 | D:2      | Gained mutation: Your flesh is cold resistant. (rC+)
                  | [potion of mutation]
  1117 | D:2      | Slain by Jessica

Illustrated notes

Levels and vault maps discovered:
D:1:      dpeg_arrival_water_temple_mockup, layout_basic, minmay_unequal
D:2:      layout_rooms, dreamdust_ecumenical_altar_statues, basic_altar,
          uniq_jessica

Skill      XL: |  1  2  3 |
---------------+----------+-----
Fighting       | 1 |  1.6
Ice Magic      | 4 |  4.0
Short Blades   | |  0.1
Dodging        | |  1.8
Stealth        | |  1.7
Spellcasting   | |  2.5

Action                     || total
---------------------------++-------
  Melee: Unarmed           ||    43
         Dagger            ||   102
         Punch             ||     4
   Cast: Freeze            ||    12
         Frozen Ramparts   ||     3
    Use: Potion            ||     2
   Stab: Sleeping          ||     2
 Armour: Robe              ||   107
  Dodge: Dodged            ||   106

Table legend: (Time is in decaauts)
 A = Elapsed time spent in this place.
 B = Non-inter-level travel time spent in this place.
 C = Inter-level travel time spent in this place.
 D = Time resting spent in this place.
 E = Time spent auto-exploring this place.
 F = Levels seen in this place.
 G = Mean time per level.
                   A        B        C        D        E       F      G
               +--------+--------+--------+--------+--------+-----+--------+
         Total |   1118 |   1071 |     47 |     61 |    566 |   2 |  559.0 |
       Dungeon |   1118 |   1071 |     47 |     61 |    566 |   2 |  559.0 |
               +--------+--------+--------+--------+--------+-----+--------+

Top non-repeatable levels by time:
     D:1: 1098 daAuts
     D:2: 19 daAuts
